Lightning vs Flames

Created - February 3, 2016 at 18:30

Goals
1 2 3 T
Lightning 0 0 0 0
Flames 1 0 0 1
Shots
1 2 3 T
Lightning 14 10 5 29
Flames 6 12 8 26

1st period

1. Flames , Mason Raymond 3 (Justin Faulk, Jarret Stoll) at 8:45

Penalties :
Brad Stuart (CGY) for Interference (Minor) at 0:51, Kyle Okposo (TBL) for Boarding (Minor) at 11:22, Brad Hunt (TBL) for High sticking (Minor) at 13:52, Erik Johnson (CGY) for Hooking (Minor) at 17:20

2nd period

No Goal

Penalties :
Erik Johnson (CGY) for Hooking (Minor) at 2:10, Travis Zajac (TBL) for Holding Stick (Minor) at 10:13, Anze Kopitar (CGY) for Hooking (Minor) at 16:00, Erik Gudbranson (TBL) for Interference (Minor) at 16:00

3rd period

No Goal

Penalties :
Anze Kopitar (CGY) for Roughing (Minor) at 0:49, Erik Johnson (CGY) for Charging (Minor) at 15:40, Andrej Meszaros (TBL) for Holding (Minor) at 19:47

Goalie Stats

Jaroslav Halak (TBL), 25 saves from 26 shots - (0.962), L, 19-18-8, 59:17 minutes
Ben Bishop (CGY), 29 saves from 29 shots - (1.000), W, 21-19-6, 60:00 minutes

Players Stats for Lightning

Player Name              G  A  P  +/- PIM S  H  SB GA TA FO     MP     PP MP  PK MP  
------------------------------------------------------------------------------------
Andre Benoit             0  0  0  -1  0   0  2  1  0  0  0/0    14:42   1:00   0:12 
Andrej Meszaros          0  0  0   0  2   1  2  2  0  0  0/0    20:22   3:26   3:31 
Andrej Sekera            0  0  0   0  0   2  0  2  0  0  0/0    23:21   6:29   3:43 
Brad Hunt                0  0  0  -1  2   0  2  1  0  0  0/0    12:18   0:00   0:00 
Eric Fehr                0  0  0   0  0   3  0  0  0  0  0/0    13:16   1:00   1:59 
Erik Gudbranson          0  0  0   0  2   1  3  1  0  0  0/0    23:14   3:26   2:26 
Hampus Lindholm          0  0  0   0  0   1  0  0  0  0  0/0    26:00   5:29   2:26 
Henrik Sedin             0  0  0   0  0   1  1  0  0  0  14/26  22:19   5:57   0:00 
Jason Chimera            0  0  0   0  0   1  2  0  0  0  1/1     5:34   0:00   0:12 
John Gaudreau            0  0  0   0  0   3  0  0  0  0  1/2    17:33   2:58   0:00 
Kyle Okposo              0  0  0   0  2   4  3  0  0  0  0/0    20:43   5:57   0:00 
Maxime Talbot            0  0  0   0  0   0  1  0  0  0  6/14    9:29   0:00   3:58 
Patric Hornqvist         0  0  0  -1  0   2  0  0  0  0  1/2    19:27   5:57   0:00 
Radim Vrbata             0  0  0  -1  0   6  0  0  0  0  1/1    17:28   3:58   0:00 
Teddy Purcell            0  0  0   0  0   1  0  0  0  0  1/2     6:06   0:00   0:44 
Tobias Rieder            0  0  0   0  0   0  0  0  0  0  2/9     8:30   0:00   0:00 
Travis Zajac             0  0  0  -1  2   3  0  0  0  0  16/24  18:57   3:58   1:27 
Troy Brouwer             0  0  0   0  0   0  1  0  0  0  0/0    12:28   0:00   3:58 

Players Stats for Flames

Player Name              G  A  P  +/- PIM S  H  SB GA TA FO     MP     PP MP  PK MP  
------------------------------------------------------------------------------------
Alex Tanguay             0  0  0   0  0   1  1  0  0  0  5/15   23:14   3:17   5:13 
Andrej Nestrasil         0  0  0   0  0   1  0  0  0  0  0/0     7:05   0:00   0:00 
Andrew Miller            0  0  0   0  0   0  0  0  0  0  3/3     8:58   0:00   1:43 
Antoine Vermette         0  0  0   0  0   2  0  0  0  0  10/20  20:45   2:52   6:06 
Anze Kopitar             0  0  0   0  4   3  1  0  0  0  16/28  19:56   3:17   2:57 
Bobby Ryan               0  0  0   0  0   3  2  0  0  0  0/2    21:25   3:17   3:35 
Brad Stuart              0  0  0   0  2   1  0  2  0  0  0/0    20:16   3:19   3:01 
David Perron             0  0  0   0  0   1  3  0  0  0  1/2    13:39   2:52   0:00 
Erik Johnson             0  0  0   1  6   0  4  3  0  0  0/0    23:11   2:50   2:12 
Jack Johnson             0  0  0   0  0   2  1  2  0  0  0/0    21:31   3:19   4:15 
Jared Spurgeon           0  0  0   0  0   1  0  0  0  0  0/0    11:49   0:00   0:02 
Jarret Stoll             0  1  1   1  0   2  2  0  0  0  3/7    11:12   0:00   0:02 
Justin Faulk             0  1  1   1  0   3  2  4  0  0  0/0    27:10   2:50   6:08 
Kevan Miller             0  0  0   0  0   1  0  2  0  0  0/0    15:59   0:00   4:12 
Mason Raymond            1  0  1   1  0   1  0  0  0  0  0/1    10:21   0:00   0:00 
Matt Cullen              0  0  0   1  0   1  0  0  0  0  0/1    10:45   0:00   0:14 
Mikkel Boedker           0  0  0   0  0   3  0  0  0  0  0/2    13:39   2:52   0:00 
Patrick Dwyer            0  0  0   0  0   0  0  0  0  0  0/0     7:05   0:00   0:00 

3 Stars

1 - Ben Bishop (CGY)
2 - Jaroslav Halak (TBL)
3 - Mason Raymond (CGY)

Power Play

Lightning - 0 on 5 Attempt(s) - 0.00%
Flames - 0 on 4 Attempt(s) - 0.00%

Penalty Kill

Lightning - 4 on 4 Attempt(s) - 100.00% - Score 0 goal in Penalty Kill
Flames - 5 on 5 Attempt(s) - 100.00% - Score 0 goal in Penalty Kill

Team Stat

Lightning - Hits : 17 - Faceoff Wins : 43 - Blocked Shots : 7 - Penalty Minutes : 10
Flames - Hits : 16 - Faceoff Wins : 38 - Blocked Shots : 13 - Penalty Minutes : 12

Official

Referees : Brad Meier and Dan O'Halloran
Linesman : Mark Shewchyk and Matt MacPherson

Game Notes

No Game Note

Finance

Level 1 -- Attendance: 6409 (98.60%) -- Ticket Income $704,990
Level 2 -- Attendance: 4531 (90.62%) -- Ticket Income $339,825
Level 3 -- Attendance: 2911 (83.17%) -- Ticket Income $174,660
Level 4 -- Attendance: 2767 (84.13%) -- Ticket Income $110,680
Luxury Box -- Attendance: 908 (90.80%) -- Ticket Income $181,600
Game was played at the Scotiabank Saddledome.
Total Attendance: 17526 (90.86%)
Total Ticket Income: $1,511,755
Other Income: $226,763
Total Income: $1,738,518

% Time on Ice - Lightning

Lines # - Real PCT - Wanted PCT - Time Play
Normal Forward
1 - 35% - 40% - 14:35
2 - 32% - 30% - 13:21
3 - 20% - 20% - 8:30
4 - 13% - 10% - 5:22
Normal Defense
1 - 41% - 40% - 17:17
2 - 29% - 30% - 12:06
3 - 29% - 20% - 12:19
4 - 0% - 10% - 0:06
PP Forward
1 - 60% - 60% - 5:57
2 - 40% - 40% - 3:58
PP Defense
1 - 65% - 60% - 6:29
2 - 35% - 40% - 3:26
PK Forward
1 - 68% - 60% - 4:10
2 - 32% - 40% - 1:59
PK Defense
1 - 40% - 60% - 2:26
2 - 60% - 40% - 3:43
PK3 Forward
1 - 0% - 60%
2 - 0% - 40%
PK3 Defense
1 - 0% - 60%
2 - 0% - 40%
44 Forward
1 - 90% - 60% - 1:47
2 - 10% - 40% - 0:12
44 Defense
1 - 40% - 60% - 0:48
2 - 60% - 40% - 1:11
Last Minute Offensive  - 0:09
Last Minute Defensive  - 0:00
Total
Forward - 60:00
Defense - 60:00

% Time on Ice - Flames

Lines # - Real PCT - Wanted PCT - Time Play
Normal Forward
1 - 32% - 40% - 13:25
2 - 26% - 30% - 10:47
3 - 25% - 20% - 10:21
4 - 17% - 10% - 7:05
Normal Defense
1 - 40% - 40% - 16:43
2 - 32% - 30% - 13:08
3 - 28% - 20% - 11:47
4 - 0% - 10% - 0:00
PP Forward
1 - 53% - 50% - 3:17
2 - 47% - 50% - 2:52
PP Defense
1 - 46% - 60% - 2:50
2 - 54% - 40% - 3:19
PK Forward
1 - 36% - 40% - 3:35
2 - 64% - 60% - 6:20
PK Defense
1 - 62% - 60% - 6:10
2 - 38% - 40% - 3:45
PK3 Forward
1 - 0% - 60%
2 - 0% - 40%
PK3 Defense
1 - 0% - 60%
2 - 0% - 40%
44 Forward
1 - 50% - 50% - 0:59
2 - 50% - 50% - 1:00
44 Defense
1 - 59% - 60% - 1:10
2 - 41% - 40% - 0:49
Last Minute Offensive  - 0:00
Last Minute Defensive  - 0:19
Total
Forward - 60:00
Defense - 60:00

Play by Play

1st period


0:01 of 1st period - Henrik Sedin wins face-off versus Anze Kopitar in neutral zone.
0:36 of 1st period - Icing by Hampus Lindholm.
0:37 of 1st period - Antoine Vermette wins face-off versus Henrik Sedin in Lightning zone.
0:51 of 1st period - Minor Penalty to Brad Stuart for Interference.
0:52 of 1st period - Travis Zajac wins face-off versus Alex Tanguay in Flames zone.
0:55 of 1st period - Shot by John Gaudreau.
0:55 of 1st period - Shot Blocked by Justin Faulk.
2:21 of 1st period - Shot by Radim Vrbata.
2:21 of 1st period - Shot Misses the Net.
2:31 of 1st period - Shot by Andrej Sekera.
2:31 of 1st period - Shot Blocked by Justin Faulk.
2:33 of 1st period - Shot by Andrej Sekera.
2:33 of 1st period - Shot Misses the Net.
2:43 of 1st period - Shot by Radim Vrbata.
2:43 of 1st period - Stopped by Ben Bishop without a rebound.
2:44 of 1st period - Alex Tanguay wins face-off versus Patric Hornqvist in Flames zone.
3:13 of 1st period - Shot by Jason Chimera.
3:13 of 1st period - Stopped by Ben Bishop without a rebound.
3:14 of 1st period - Tobias Rieder wins face-off versus Antoine Vermette in Flames zone.
3:17 of 1st period - Shot by Troy Brouwer.
3:17 of 1st period - Shot Blocked by Kevan Miller.
3:19 of 1st period - Shot by Eric Fehr.
3:19 of 1st period - Stopped by Ben Bishop with a rebound.
3:43 of 1st period - Shot by Eric Fehr.
3:43 of 1st period - Shot Misses the Net.
4:16 of 1st period - Shot by Radim Vrbata.
4:16 of 1st period - Stopped by Ben Bishop without a rebound.
4:17 of 1st period - Henrik Sedin wins face-off versus Anze Kopitar in Flames zone.
4:57 of 1st period - Shot by John Gaudreau.
4:57 of 1st period - Stopped by Ben Bishop without a rebound.
4:58 of 1st period - Travis Zajac wins face-off versus Mason Raymond in Flames zone.
5:01 of 1st period - Shot by Patric Hornqvist.
5:01 of 1st period - Shot Blocked by Brad Stuart.
8:03 of 1st period - Shot by Kyle Okposo.
8:03 of 1st period - Shot Misses the Net.
8:45 of 1st period - Shot by Mason Raymond.
8:45 of 1st period - Goal by Mason Raymond - Lightning : 0 - Flames : 1.
8:46 of 1st period - Andrew Miller wins face-off versus Maxime Talbot in neutral zone.
9:16 of 1st period - Teddy Purcell is hit by Erik Johnson and loses puck.
9:36 of 1st period - Erik Gudbranson is hit by Erik Johnson and loses puck.
9:42 of 1st period - Radim Vrbata is hit by Erik Johnson and loses puck.
9:51 of 1st period - Shot by Patric Hornqvist.
9:51 of 1st period - Stopped by Ben Bishop with a rebound.
9:53 of 1st period - Shot by Erik Gudbranson.
9:53 of 1st period - Shot Blocked by Erik Johnson.
10:05 of 1st period - Shot by Patric Hornqvist.
10:05 of 1st period - Deflect By Radim Vrbata.
10:05 of 1st period - Shot Blocked by Erik Johnson.
10:07 of 1st period - Shot by Patric Hornqvist.
10:07 of 1st period - Shot Misses the Net.
10:21 of 1st period - Shot by Kyle Okposo.
10:21 of 1st period - Stopped by Ben Bishop without a rebound.
10:22 of 1st period - Henrik Sedin wins face-off versus Anze Kopitar in Flames zone.
10:23 of 1st period - Shot by Kyle Okposo.
10:23 of 1st period - Shot Blocked by Brad Stuart.
10:35 of 1st period - Brad Stuart is hit by Kyle Okposo and loses puck.
10:39 of 1st period - Icing by Brad Stuart.
10:40 of 1st period - Anze Kopitar wins face-off versus Maxime Talbot in Flames zone.
10:40 of 1st period - Anze Kopitar is hit by Jason Chimera.
10:50 of 1st period - Shot by Anze Kopitar.
10:50 of 1st period - Shot Blocked by Andre Benoit.
10:52 of 1st period - Shot by Alex Tanguay.
10:52 of 1st period - Deflect By Bobby Ryan.
10:52 of 1st period - Shot Misses the Net.
10:54 of 1st period - Shot by Anze Kopitar.
10:54 of 1st period - Shot Misses the Net.
10:56 of 1st period - Shot by Alex Tanguay.
10:56 of 1st period - Shot Blocked by Brad Hunt.
10:58 of 1st period - Shot by Bobby Ryan.
10:58 of 1st period - Stopped by Jaroslav Halak without a rebound.
10:59 of 1st period - Henrik Sedin wins face-off versus Antoine Vermette in Lightning zone.
11:22 of 1st period - Minor Penalty to Kyle Okposo for Boarding.
11:23 of 1st period - Anze Kopitar wins face-off versus Maxime Talbot in Lightning zone.
11:54 of 1st period - Shot by Anze Kopitar.
11:54 of 1st period - Shot Blocked by Andrej Meszaros.
13:16 of 1st period - Shot by Alex Tanguay.
13:16 of 1st period - Shot Blocked by Andrej Sekera.
13:18 of 1st period - Shot by Jack Johnson.
13:18 of 1st period - Stopped by Jaroslav Halak without a rebound.
13:19 of 1st period - Maxime Talbot wins face-off versus Mikkel Boedker in Lightning zone.
13:52 of 1st period - Minor Penalty to Brad Hunt for High sticking.
13:53 of 1st period - Anze Kopitar wins face-off versus Maxime Talbot in Lightning zone.
14:22 of 1st period - Shot by Justin Faulk.
14:22 of 1st period - Stopped by Jaroslav Halak with a rebound.
14:24 of 1st period - Shot by Justin Faulk.
14:24 of 1st period - Stopped by Jaroslav Halak without a rebound.
14:25 of 1st period - Travis Zajac wins face-off versus Antoine Vermette in Lightning zone.
15:11 of 1st period - Icing by David Perron.
15:12 of 1st period - Antoine Vermette wins face-off versus Maxime Talbot in Flames zone.
15:12 of 1st period - Antoine Vermette is hit by Troy Brouwer.
15:19 of 1st period - Off-side.
15:20 of 1st period - Anze Kopitar wins face-off versus Maxime Talbot in neutral zone.
16:55 of 1st period - Icing by Jack Johnson.
16:56 of 1st period - Travis Zajac wins face-off versus Antoine Vermette in Flames zone.
16:57 of 1st period - Shot by Radim Vrbata.
16:57 of 1st period - Shot Misses the Net.
17:09 of 1st period - Shot by David Perron.
17:09 of 1st period - Stopped by Jaroslav Halak without a rebound.
17:10 of 1st period - Anze Kopitar wins face-off versus Tobias Rieder in Lightning zone.
17:20 of 1st period - Minor Penalty to Erik Johnson for Hooking.
17:21 of 1st period - Travis Zajac wins face-off versus Alex Tanguay in Flames zone.
17:28 of 1st period - Shot by John Gaudreau.
17:28 of 1st period - Stopped by Ben Bishop without a rebound.
17:29 of 1st period - Alex Tanguay wins face-off versus Henrik Sedin in Flames zone.
18:11 of 1st period - Shot by Henrik Sedin.
18:11 of 1st period - Stopped by Ben Bishop without a rebound.
18:12 of 1st period - Travis Zajac wins face-off versus Alex Tanguay in Flames zone.
18:13 of 1st period - Shot by John Gaudreau.
18:13 of 1st period - Shot Hit the Post.
18:15 of 1st period - Shot by Erik Gudbranson.
18:15 of 1st period - Shot Misses the Net.
18:17 of 1st period - Shot by Radim Vrbata.
18:17 of 1st period - Stopped by Ben Bishop without a rebound.
18:18 of 1st period - John Gaudreau wins face-off versus Alex Tanguay in Flames zone.
18:21 of 1st period - Shot by Radim Vrbata.
18:21 of 1st period - Shot Misses the Net.
18:23 of 1st period - Shot by Erik Gudbranson.
18:23 of 1st period - Deflect By Radim Vrbata.
18:23 of 1st period - Shot Misses the Net.
18:27 of 1st period - Shot by John Gaudreau.
18:27 of 1st period - Deflect By Radim Vrbata.
18:27 of 1st period - Stopped by Ben Bishop with a rebound.
18:33 of 1st period - Shot by Radim Vrbata.
18:33 of 1st period - Deflect By Travis Zajac.
18:33 of 1st period - Stopped by Ben Bishop without a rebound.
18:34 of 1st period - Henrik Sedin wins face-off versus Anze Kopitar in Flames zone.
19:03 of 1st period - Shot by Patric Hornqvist.
19:03 of 1st period - Shot Misses the Net.
19:42 of 1st period - Shot by Eric Fehr.
19:42 of 1st period - Stopped by Ben Bishop without a rebound.
19:43 of 1st period - Maxime Talbot wins face-off versus Antoine Vermette in Flames zone.
19:52 of 1st period - Shot by Teddy Purcell.
19:52 of 1st period - Stopped by Ben Bishop without a rebound.
19:53 of 1st period - Antoine Vermette wins face-off versus Tobias Rieder in Flames zone.
Goals for this period are 0 for Lightning vs 1 for Flames.
Shots for this period are 14 for Lightning vs 6 for Flames.

2nd period


0:01 of 2nd period - Anze Kopitar wins face-off versus Travis Zajac in neutral zone.
0:03 of 2nd period - Off-side.
0:04 of 2nd period - Anze Kopitar wins face-off versus Travis Zajac in neutral zone.
0:34 of 2nd period - Shot by Anze Kopitar.
0:34 of 2nd period - Shot Blocked by Erik Gudbranson.
0:36 of 2nd period - Shot by Bobby Ryan.
0:36 of 2nd period - Stopped by Jaroslav Halak with a rebound.
0:38 of 2nd period - Shot by Alex Tanguay.
0:38 of 2nd period - Shot Misses the Net.
0:40 of 2nd period - Shot by Anze Kopitar.
0:40 of 2nd period - Stopped by Jaroslav Halak without a rebound.
0:41 of 2nd period - Henrik Sedin wins face-off versus Mikkel Boedker in Lightning zone.
0:46 of 2nd period - Off-side.
0:47 of 2nd period - Henrik Sedin wins face-off versus Antoine Vermette in neutral zone.
1:22 of 2nd period - Shot by Mikkel Boedker.
1:22 of 2nd period - Shot Blocked by Andrej Meszaros.
1:24 of 2nd period - Shot by Mikkel Boedker.
1:24 of 2nd period - Stopped by Jaroslav Halak without a rebound.
1:25 of 2nd period - Travis Zajac wins face-off versus Alex Tanguay in Lightning zone.
1:25 of 2nd period - Travis Zajac is hit by Anze Kopitar.
1:52 of 2nd period - Radim Vrbata is hit by Justin Faulk and loses puck.
2:10 of 2nd period - Minor Penalty to Erik Johnson for Hooking.
2:11 of 2nd period - Henrik Sedin wins face-off versus Alex Tanguay in Flames zone.
2:22 of 2nd period - Shot by Hampus Lindholm.
2:22 of 2nd period - Stopped by Ben Bishop with a rebound.
2:24 of 2nd period - Shot by Andrej Sekera.
2:24 of 2nd period - Stopped by Ben Bishop without a rebound.
2:25 of 2nd period - Travis Zajac wins face-off versus Alex Tanguay in Flames zone.
3:45 of 2nd period - Shot by Antoine Vermette.
3:45 of 2nd period - Stopped by Jaroslav Halak with a rebound.
3:47 of 2nd period - Shot by Justin Faulk.
3:47 of 2nd period - Stopped by Jaroslav Halak with a rebound.
4:40 of 2nd period - Mason Raymond is hit by Brad Hunt and loses puck.
5:06 of 2nd period - Jack Johnson is hit by Andrej Meszaros and loses puck.
5:27 of 2nd period - Shot by Teddy Purcell.
5:27 of 2nd period - Shot Misses the Net.
5:49 of 2nd period - Shot by Kyle Okposo.
5:49 of 2nd period - Stopped by Ben Bishop without a rebound.
5:50 of 2nd period - Travis Zajac wins face-off versus Anze Kopitar in Flames zone.
5:59 of 2nd period - Icing by Erik Johnson.
6:00 of 2nd period - Anze Kopitar wins face-off versus Henrik Sedin in Flames zone.
6:00 of 2nd period - Anze Kopitar is hit by Kyle Okposo.
6:47 of 2nd period - Icing by Justin Faulk.
6:48 of 2nd period - Travis Zajac wins face-off versus Anze Kopitar in Flames zone.
7:00 of 2nd period - Radim Vrbata is hit by Justin Faulk and loses puck.
7:14 of 2nd period - Travis Zajac is hit by Erik Johnson and loses puck.
7:20 of 2nd period - Icing by Anze Kopitar.
7:21 of 2nd period - Alex Tanguay wins face-off versus Tobias Rieder in Flames zone.
7:46 of 2nd period - Tobias Rieder is hit by Jack Johnson and loses puck.
8:15 of 2nd period - Shot by John Gaudreau.
8:15 of 2nd period - Shot Misses the Net.
8:35 of 2nd period - Shot by Kyle Okposo.
8:35 of 2nd period - Stopped by Ben Bishop without a rebound.
8:36 of 2nd period - Travis Zajac wins face-off versus Matt Cullen in Flames zone.
8:39 of 2nd period - Shot by Patric Hornqvist.
8:39 of 2nd period - Shot Misses the Net.
8:58 of 2nd period - Shot by Jarret Stoll.
8:58 of 2nd period - Stopped by Jaroslav Halak with a rebound.
9:08 of 2nd period - Shot by Patric Hornqvist.
9:08 of 2nd period - Deflect By Travis Zajac.
9:08 of 2nd period - Shot Blocked by Kevan Miller.
9:18 of 2nd period - Shot by Mason Raymond.
9:18 of 2nd period - Shot Hit the Post.
9:58 of 2nd period - Justin Faulk is hit by Erik Gudbranson and loses puck.
10:13 of 2nd period - Minor Penalty to Travis Zajac for Holding Stick.
10:14 of 2nd period - Maxime Talbot wins face-off versus Antoine Vermette in Lightning zone.
10:14 of 2nd period - Maxime Talbot is hit by David Perron.
10:33 of 2nd period - Shot by Brad Stuart.
10:33 of 2nd period - Stopped by Jaroslav Halak with a rebound.
10:35 of 2nd period - Shot by Jack Johnson.
10:35 of 2nd period - Stopped by Jaroslav Halak without a rebound.
10:36 of 2nd period - Maxime Talbot wins face-off versus Bobby Ryan in Lightning zone.
10:36 of 2nd period - Maxime Talbot is hit by Bobby Ryan.
10:43 of 2nd period - Off-side.
10:44 of 2nd period - Antoine Vermette wins face-off versus Maxime Talbot in neutral zone.
10:53 of 2nd period - Shot by Antoine Vermette.
10:53 of 2nd period - Shot Misses the Net.
11:26 of 2nd period - Shot by Jack Johnson.
11:26 of 2nd period - Deflect By Mikkel Boedker.
11:26 of 2nd period - Stopped by Jaroslav Halak without a rebound.
11:27 of 2nd period - Anze Kopitar wins face-off versus Teddy Purcell in Lightning zone.
11:47 of 2nd period - Off-side.
11:48 of 2nd period - Teddy Purcell wins face-off versus Anze Kopitar in neutral zone.
12:25 of 2nd period - Shot by Jarret Stoll.
12:25 of 2nd period - Shot Misses the Net.
12:39 of 2nd period - Shot by Patric Hornqvist.
12:39 of 2nd period - Stopped by Ben Bishop without a rebound.
12:40 of 2nd period - Henrik Sedin wins face-off versus Antoine Vermette in Flames zone.
12:43 of 2nd period - Shot by John Gaudreau.
12:43 of 2nd period - Deflect By Henrik Sedin.
12:43 of 2nd period - Shot Blocked by Jack Johnson.
13:13 of 2nd period - Shot by John Gaudreau.
13:13 of 2nd period - Stopped by Ben Bishop with a rebound.
13:33 of 2nd period - Patric Hornqvist is hit by David Perron and loses puck.
13:53 of 2nd period - Shot by Bobby Ryan.
13:53 of 2nd period - Shot Misses the Net.
14:32 of 2nd period - Icing by Andre Benoit.
14:33 of 2nd period - Jarret Stoll wins face-off versus Tobias Rieder in Lightning zone.
14:42 of 2nd period - Shot by Mason Raymond.
14:42 of 2nd period - Shot Misses the Net.
14:44 of 2nd period - Shot by Jared Spurgeon.
14:44 of 2nd period - Shot Misses the Net.
14:46 of 2nd period - Shot by Jarret Stoll.
14:46 of 2nd period - Deflect By Matt Cullen.
14:46 of 2nd period - Stopped by Jaroslav Halak without a rebound.
14:47 of 2nd period - Andrew Miller wins face-off versus Henrik Sedin in Lightning zone.
15:27 of 2nd period - Shot by Andrej Nestrasil.
15:27 of 2nd period - Stopped by Jaroslav Halak without a rebound.
15:28 of 2nd period - Anze Kopitar wins face-off versus Travis Zajac in Lightning zone.
15:32 of 2nd period - Icing by Hampus Lindholm.
15:33 of 2nd period - Travis Zajac wins face-off versus Anze Kopitar in Lightning zone.
15:33 of 2nd period - Travis Zajac is hit by Bobby Ryan.
15:36 of 2nd period - Patric Hornqvist is hit by Alex Tanguay and loses puck.
15:43 of 2nd period - Shot by Radim Vrbata.
15:43 of 2nd period - Stopped by Ben Bishop without a rebound.
15:44 of 2nd period - Tobias Rieder wins face-off versus David Perron in Flames zone.
15:49 of 2nd period - Shot by Eric Fehr.
15:49 of 2nd period - Stopped by Ben Bishop without a rebound.
15:50 of 2nd period - Henrik Sedin wins face-off versus Anze Kopitar in Flames zone.
16:00 of 2nd period - Minor Penalty to Anze Kopitar for Hooking.
16:00 of 2nd period - Minor Penalty to Erik Gudbranson for Interference.
16:01 of 2nd period - Alex Tanguay wins face-off versus Henrik Sedin in Lightning zone.
16:56 of 2nd period - Shot by Kyle Okposo.
16:56 of 2nd period - Shot Misses the Net.
17:00 of 2nd period - Shot by Andrej Meszaros.
17:00 of 2nd period - Stopped by Ben Bishop without a rebound.
17:01 of 2nd period - Henrik Sedin wins face-off versus Jarret Stoll in Flames zone.
18:07 of 2nd period - Shot by Erik Gudbranson.
18:07 of 2nd period - Stopped by Ben Bishop without a rebound.
18:08 of 2nd period - Antoine Vermette wins face-off versus Travis Zajac in Flames zone.
18:42 of 2nd period - Icing by Erik Gudbranson.
18:43 of 2nd period - Radim Vrbata wins face-off versus Anze Kopitar in Lightning zone.
19:12 of 2nd period - Shot by Anze Kopitar.
19:12 of 2nd period - Stopped by Jaroslav Halak without a rebound.
19:13 of 2nd period - Maxime Talbot wins face-off versus Jarret Stoll in Lightning zone.
19:13 of 2nd period - Maxime Talbot is hit by Jarret Stoll.
19:29 of 2nd period - Brad Stuart is hit by Jason Chimera and loses puck.
Goals for this period are 0 for Lightning vs 0 for Flames.
Shots for this period are 10 for Lightning vs 12 for Flames.

3rd period


0:01 of 3rd period - Anze Kopitar wins face-off versus John Gaudreau in neutral zone.
0:21 of 3rd period - Shot by Alex Tanguay.
0:21 of 3rd period - Stopped by Jaroslav Halak without a rebound.
0:22 of 3rd period - Antoine Vermette wins face-off versus Travis Zajac in Lightning zone.
0:26 of 3rd period - Icing by Andrej Sekera.
0:27 of 3rd period - Travis Zajac wins face-off versus Anze Kopitar in Lightning zone.
0:49 of 3rd period - Minor Penalty to Anze Kopitar for Roughing.
0:50 of 3rd period - Henrik Sedin wins face-off versus Alex Tanguay in Flames zone.
0:51 of 3rd period - Shot by Andrej Sekera.
0:51 of 3rd period - Shot Blocked by Jack Johnson.
0:53 of 3rd period - Shot by Hampus Lindholm.
0:53 of 3rd period - Shot Misses the Net.
1:55 of 3rd period - Shot by John Gaudreau.
1:55 of 3rd period - Shot Blocked by Erik Johnson.
2:07 of 3rd period - Shot by Travis Zajac.
2:07 of 3rd period - Stopped by Ben Bishop without a rebound.
2:08 of 3rd period - Alex Tanguay wins face-off versus Henrik Sedin in Flames zone.
4:41 of 3rd period - Icing by Andrej Sekera.
4:42 of 3rd period - Anze Kopitar wins face-off versus Henrik Sedin in Lightning zone.
4:57 of 3rd period - Shot by Bobby Ryan.
4:57 of 3rd period - Stopped by Jaroslav Halak without a rebound.
4:58 of 3rd period - David Perron wins face-off versus Travis Zajac in Lightning zone.
4:58 of 3rd period - Jack Johnson is hit by Brad Hunt and loses puck.
5:33 of 3rd period - Shot by Mikkel Boedker.
5:33 of 3rd period - Deflect By David Perron.
5:33 of 3rd period - Shot Misses the Net.
5:40 of 3rd period - David Perron is hit by Andre Benoit and loses puck.
6:42 of 3rd period - Off-side.
6:43 of 3rd period - Jarret Stoll wins face-off versus Henrik Sedin in neutral zone.
6:43 of 3rd period - Jarret Stoll is hit by Kyle Okposo.
6:49 of 3rd period - Kyle Okposo is hit by Jarret Stoll and loses puck.
6:58 of 3rd period - Shot by Matt Cullen.
6:58 of 3rd period - Shot Blocked by Andrej Sekera.
7:22 of 3rd period - Shot by Jarret Stoll.
7:22 of 3rd period - Shot Misses the Net.
8:25 of 3rd period - Icing by Justin Faulk.
8:26 of 3rd period - Andrew Miller wins face-off versus Travis Zajac in Flames zone.
9:20 of 3rd period - Shot by Anze Kopitar.
9:20 of 3rd period - Shot Misses the Net.
9:53 of 3rd period - Off-side.
9:54 of 3rd period - Antoine Vermette wins face-off versus Maxime Talbot in neutral zone.
9:54 of 3rd period - Antoine Vermette is hit by Maxime Talbot.
9:58 of 3rd period - Shot by Kevan Miller.
9:58 of 3rd period - Stopped by Jaroslav Halak without a rebound.
9:59 of 3rd period - Antoine Vermette wins face-off versus Tobias Rieder in Lightning zone.
9:59 of 3rd period - Antoine Vermette is hit by Andre Benoit.
10:21 of 3rd period - Shot by Mikkel Boedker.
10:21 of 3rd period - Stopped by Jaroslav Halak without a rebound.
10:22 of 3rd period - Jason Chimera wins face-off versus Jarret Stoll in Lightning zone.
10:38 of 3rd period - Shot by Jarret Stoll.
10:38 of 3rd period - Shot Misses the Net.
11:36 of 3rd period - Shot by Anze Kopitar.
11:36 of 3rd period - Stopped by Jaroslav Halak without a rebound.
11:37 of 3rd period - Henrik Sedin wins face-off versus Antoine Vermette in Lightning zone.
11:37 of 3rd period - Henrik Sedin is hit by David Perron.
11:59 of 3rd period - Antoine Vermette is hit by Erik Gudbranson and loses puck.
12:16 of 3rd period - Shot by Mikkel Boedker.
12:16 of 3rd period - Shot Misses the Net.
12:18 of 3rd period - Shot by Jared Spurgeon.
12:18 of 3rd period - Stopped by Jaroslav Halak without a rebound.
12:19 of 3rd period - Travis Zajac wins face-off versus Bobby Ryan in Lightning zone.
13:09 of 3rd period - Icing by Erik Johnson.
13:10 of 3rd period - Anze Kopitar wins face-off versus Henrik Sedin in Flames zone.
13:10 of 3rd period - Anze Kopitar is hit by Erik Gudbranson.
13:36 of 3rd period - Shot by John Gaudreau.
13:36 of 3rd period - Shot Blocked by Justin Faulk.
13:44 of 3rd period - Shot by Kyle Okposo.
13:44 of 3rd period - Stopped by Ben Bishop without a rebound.
13:45 of 3rd period - Antoine Vermette wins face-off versus Tobias Rieder in Flames zone.
13:54 of 3rd period - Shot by Mikkel Boedker.
13:54 of 3rd period - Deflect By Antoine Vermette.
13:54 of 3rd period - Shot Misses the Net.
13:56 of 3rd period - Shot by Antoine Vermette.
13:56 of 3rd period - Stopped by Jaroslav Halak without a rebound.
13:57 of 3rd period - Patric Hornqvist wins face-off versus Jarret Stoll in Lightning zone.
14:34 of 3rd period - Shot by Radim Vrbata.
14:34 of 3rd period - Stopped by Ben Bishop without a rebound.
14:35 of 3rd period - Antoine Vermette wins face-off versus Henrik Sedin in Flames zone.
15:12 of 3rd period - Icing by Hampus Lindholm.
15:13 of 3rd period - Anze Kopitar wins face-off versus Henrik Sedin in Lightning zone.
15:40 of 3rd period - Minor Penalty to Erik Johnson for Charging.
15:41 of 3rd period - Travis Zajac wins face-off versus Alex Tanguay in Flames zone.
16:40 of 3rd period - Off-side.
16:41 of 3rd period - Travis Zajac wins face-off versus Alex Tanguay in neutral zone.
17:06 of 3rd period - Shot by Andrej Sekera.
17:06 of 3rd period - Stopped by Ben Bishop without a rebound.
17:07 of 3rd period - Anze Kopitar wins face-off versus Henrik Sedin in Flames zone.
17:30 of 3rd period - Shot by Patric Hornqvist.
17:30 of 3rd period - Shot Misses the Net.
17:32 of 3rd period - Shot by Erik Gudbranson.
17:32 of 3rd period - Shot Blocked by Justin Faulk.
17:40 of 3rd period - Shot by Henrik Sedin.
17:40 of 3rd period - Shot Misses the Net.
17:50 of 3rd period - Shot by Teddy Purcell.
17:50 of 3rd period - Shot Misses the Net.
17:53 of 3rd period - Icing by Jack Johnson.
17:54 of 3rd period - Jarret Stoll wins face-off versus Tobias Rieder in Flames zone.
18:23 of 3rd period - Shot by Jarret Stoll.
18:23 of 3rd period - Stopped by Jaroslav Halak without a rebound.
18:24 of 3rd period - Anze Kopitar wins face-off versus Travis Zajac in Lightning zone.
18:28 of 3rd period - Bobby Ryan is hit by Andrej Meszaros and loses puck.
18:39 of 3rd period - Shot by Travis Zajac.
18:39 of 3rd period - Stopped by Ben Bishop without a rebound.
18:40 of 3rd period - Henrik Sedin wins face-off versus Antoine Vermette in Flames zone.
19:05 of 3rd period - Lightning, Jaroslav Halak is pulled from the net.
19:11 of 3rd period - Kevan Miller is hit by Henrik Sedin and loses puck.
19:47 of 3rd period - Minor Penalty to Andrej Meszaros for Holding.
19:48 of 3rd period - Jaroslav Halak from Lightning was sent back in the game.
19:48 of 3rd period - Maxime Talbot wins face-off versus Anze Kopitar in Lightning zone.
Goals for this period are 0 for Lightning vs 0 for Flames.
Shots for this period are 5 for Lightning vs 8 for Flames.